AoeStats
← TheLaaNd4432

Arabia

505333342Analyzed
3v3 RM · 24d ago on Sep 8, 2026· 53m 13s· 6 players
Game mode
Random Map
Map size
Normal (6 player)
Population
200
Speed
Normal
Resources
Standard
Victory
Conquest
Starting age
Dark Age
Ending age
Imperial Age
RankedLock teamsTeams togetherTeam positionsShared explorationLock speedFull tech treeHidden civsTurbo modeCheats
Victory
Defeat
🇦🇷 Hindustanis · Argentina
863
+13
🇦🇷 Britons · Argentina
854
+14
🇦🇷 Byzantines · Argentina
799
+16
🇹🇷 Britons · Türkiye
873
-44
🇹🇷 Persians · Türkiye
788
-14
🇹🇷 Huns · Türkiye
749
-12
TheLaaNd4432
5:35 Loom
11:29 Feudal Age
12:37 Double-Bit Axe
12:46 Gold Mining
30:35 Castle Age
28:54 Scale Mail Armor
28:54 Padded Archer Armor
28:45 Fletching
31:28 Wheelbarrow
31:11 Crossbowman
32:14 Chain Mail Armor
32:15 Leather Archer Armor
31:58 Bodkin Arrow
34:17 Ballistics
39:13 Gold Shaft Mining
43:09 Imperial Age
41:26 Forging
41:25 Pikeman
42:05 Squires
41:51 Arson
42:45 Iron Casting
42:30 Hand Cart
46:23 Plate Mail Armor
48:47 Chemistry
48:43 Halberdier
emrepngall
12:30 Feudal Age
14:07 Bloodlines
30:38 Horse Collar
35:35 Castle Age
34:22 Man-at-Arms
nisatros
12:10 Feudal Age
13:53 Wheelbarrow
13:08 Double-Bit Axe
13:05 Horse Collar
13:43 Gold Mining
14:42 Loom
18:51 Scale Barding Armor
18:42 Stone Mining
22:07 Castle Age
20:48 Bloodlines
21:13 Forging
22:53 Husbandry
22:45 Light Cavalry
25:01 Hand Cart
30:29 Kamandaran
33:10 Chain Barding Armor
33:29 Iron Casting
32:57 Caravan
33:29 Coinage
33:07 Heavy Plow
33:19 Bow Saw
38:33 Gold Shaft Mining
bosterman
7:07 Loom
9:34 Feudal Age
10:17 Double-Bit Axe
15:40 Horse Collar
16:47 Forging
18:09 Scale Barding Armor
19:14 Bloodlines
23:37 Castle Age
22:05 Gold Mining
24:33 Scale Mail Armor
25:28 Bow Saw
25:41 Stone Mining
26:04 Squires
26:45 Chain Mail Armor
28:26 Heavy Plow
30:51 Iron Casting
30:28 Arson
34:33 Wheelbarrow
34:06 Town Watch
36:43 Fletching
39:39 Imperial Age
40:10 Elite Ghulam
41:12 Conscription
40:57 Bodkin Arrow
43:10 Blast Furnace
43:50 Ballistics
44:31 Chemistry
43:54 Ballistics
44:19 Gold Shaft Mining
46:14 Hand Cart
46:13 Heavy Camel Rider
46:54 Husbandry
47:28 Chain Barding Armor
LonjasFlojas
9:31 Feudal Age
8:42 Loom
10:17 Double-Bit Axe
11:22 Horse Collar
12:04 Gold Mining
19:54 Castle Age
18:50 Padded Archer Armor
19:23 Fletching
20:49 Bow Saw
21:17 Gold Shaft Mining
24:04 Heavy Plow
25:39 Crossbowman
27:36 Bodkin Arrow
27:56 Leather Archer Armor
31:13 Stone Mining
39:21 Imperial Age
39:50 Yeomen
41:07 Two-Man Saw
39:43 Elite Longbowman
41:37 Conscription
42:11 Bracer
43:24 Ring Archer Armor
45:20 Chemistry
44:45 Ballistics
50:43 Heated Shot
LAULAW30
10:05 Feudal Age
11:31 Horse Collar
13:30 Double-Bit Axe
21:04 Castle Age
37:59 Padded Archer Armor
37:49 Fletching
39:20 Elite Skirmisher
40:06 Thumb Ring
41:16 Gold Mining
41:21 Stone Mining
Connection lost

Rejoining the realm…

Still unreachable

The connection could not be restored.

Session expired

The server has moved on; the page needs a fresh start.